 Dungeon Crawl Stone Soup version 0.31-a0-149-g3fdcc5976a (webtiles) character file.

Game seed: 18080272417983518979

240 mopl the Slasher (level 6, -2/35 HPs)
             Began as a Tengu Warper on June 7, 2023.
             Was an Initiate of Nemelex Xobeh.
             Killed from afar by an orc wizard (8 damage)
             ... with a puff of flame
             ... on level 4 of the Dungeon.
             The game lasted 00:04:00 (2782 turns).

mopl the Slasher (Tengu Warper)                     Turns: 2782, Time: 00:04:01

Health: -2/35      AC:  5    Str: 13    XL:     6   Next: 8%
Magic:  11/11      EV: 13    Int: 13    God:    Nemelex Xobeh [......]
Gold:   44         SH:  0    Dex: 14    Spells: 4/11 levels left

rFire   . . .        b - +2 dagger (venom)
rCold   . . .        (no shield)
rNeg    . . .        h - +0 ring mail
rPois   .            (helmet restricted)
rElec   .            (no cloak)
rCorr   .            (no gloves)
SInv    .            (boots unavailable)
Will    .....        (no amulet)
Stlth   +            (no ring)
HPRegen 0.25/turn    (no ring)
MPRegen 0.12/turn

%: no passive effects
@: flying quickly and evasively, quick
A: beak, talons 3, nimble flight
a: Renounce Religion, Draw Escape, Draw Destruction, Draw Summoning


You were on level 4 of the Dungeon.
You worshipped Nemelex Xobeh.
Nemelex Xobeh was noncommittal.
You visited 1 branch of the dungeon, and saw 4 of its levels.

You collected 121 gold pieces.
You spent 77 gold pieces at shops.

Inventory:

Hand Weapons
 a - a +0 scimitar
 b - a +2 dagger of venom (weapon)
Missiles
 d - 7 boomerangs of dispersal (quivered)
 n - 5 poisoned darts
 o - a throwing net
Armour
 h - a +0 ring mail (worn)
Scrolls
 c - a scroll of blinking
 g - a scroll of fear {unknown}
 j - 2 scrolls of identify {unknown}
 k - a scroll of poison {unknown}
 l - a scroll of enchant weapon {unknown}
 m - a scroll of noise {unknown}
 p - a scroll of immolation {unknown}
 t - a scroll of acquirement {unknown}
Potions
 e - 3 potions of curing
 f - a potion of heal wounds {unknown}
 q - a potion of ambrosia {unknown}
 r - a potion of might {unknown}
 s - a potion of lignification {unknown}


   Skills:
 - Level 2.0 Fighting
 * Level 4.8 Long Blades
 - Level 1.0 Throwing
 - Level 1.1 Armour
 - Level 2.1 Dodging
 + Level 3.1 Spellcasting
 + Level 3.2 Translocations
 + Level 2.1 Air Magic
 + Level 0.2 Invocations


You had 4 spell levels left.
You knew the following spells:

 Your Spells              Type           Power      Damage    Failure   Level
b - Lesser Beckoning      Tloc           20%        N/A       19%         2
d - Vhi's Electric Charg  Tloc/Air       18%        N/A       43%         3
e - Blink                 Tloc           20%        N/A       19%         2

Your spell library contained the following spells:

 Spells                   Type           Power      Damage    Failure   Level
 Teleport Other           Tloc           10%        N/A       36%         3
 Swiftness                Air            7%         N/A       52%         3
 Ensorcelled Hibernation  Hex/Ice        4%         N/A       58%         2
 Passwall                 Tmut/Erth      1%         N/A       58%         2
 Manifold Assault         Tloc           10%        N/A       77%         4


Dungeon Overview and Level Annotations

Branches:
Dungeon (4/15)
 Temple: D:4-7

Altars:
Nemelex Xobeh
Vehumet
Zin

Shops:
D:4 (!


Innate Abilities, Weirdness & Mutations

You have a beak for a mouth.
You have claws for feet.
Your magical nature lets you fly swiftly and evasively.


Message History

An orc wizard comes into view. It is wielding a +0 dagger.
Found a scroll labelled ZETWEA UKHELE. 2 orcs come into view.
Found an encrusted lead wand.
The orc shouts!
Found an emerald potion.
Found a stone staircase leading down.
The orc wizard casts a spell at you. You resist with some effort.
The orc wizard gestures wildly while chanting.
The orc wizard flickers and vanishes!
Deactivating autopickup; reactivate with Ctrl-A.
An orc comes into view. It is wielding a +0 flail.
The orc shouts!
There is an entrance to Ziulosm's Weapon Shoppe here.
You hit something. You claw something. Something hits you.
You hit something.
You hear some strange, mumbled words.
A magic dart appears from out of thin air!
The magic dart hits you!
You closely miss something. Your kick misses something.
Something barely misses you. The orc hits you but does no damage.
You barely miss something. Your kick misses something.
Your peck misses something. The orc misses you.
You hear some strange, mumbled words.
You are confused.
The orc hits you but does no damage.
You hear some strange, mumbled words.
Something tries to affect you, but you resist.
The orc hits you with a +0 flail!
A magic dart appears from out of thin air!
The magic dart hits you! The orc hits you with a +0 hand axe.
* * * LOW HITPOINT WARNING * * *
You hit the orc. Your kick misses the orc.
The orc is heavily wounded.
You feel less confused. The orc closely misses you.
A puff of flame appears from out of thin air!
The puff of flame hits you!
You die...
Your body disappears without a glow.

. .#........ #.
.......... ..
###....>....
..#.#./.........
...8...{........ ...
#≈§≈o...... ....
#≈∩≈.......
#...#≈.§o......
#..#≈.@o....###.##.
.###..≈.≈.........#..
..?...≈.≈............
##....#.............#
#..###.............#
....##...∩..........#
#....#............## .
.!...........†.....# ).
#..##.......#.#........


You could see 3 orcs.

Vanquished Creatures
  An iguana (D:4)
  Natasha (thrice) (D:2)
  Robin (D:2)
  4 gnolls
  An adder (D:2)
  3 worms
  2 dart slugs
  An orc (D:3)
  5 endoplasms
  3 giant cockroaches
  18 goblins
  6 hobgoblins
  2 quokkas
  5 ball pythons
  A bat (D:3)
  A frilled lizard (D:2)
  3 kobolds (D:2)
  3 rats
63 creatures vanquished.

Notes
Turn   | Place    | Note
-------+----------+-------------------------------------------
     0 | D:1      | mopl the Tengu Warper began the quest for the Orb.
     0 | D:1      | Reached XP level 1. HP: 12/12 MP: 4/4
   169 | D:1      | Reached XP level 2. HP: 13/17 MP: 6/6
   200 | D:1      | Learned a level 2 spell: Blink
   203 | D:1      | Learned a level 2 spell: Lesser Beckoning
   860 | D:2      | Reached skill level 3 in Long Blades
   868 | D:2      | Reached XP level 3. HP: 8/21 MP: 7/7
  1014 | D:2      | Noticed Natasha
  1021 | D:2      | Killed Natasha
  1032 | D:2      | Reached XP level 4. HP: 26/26 MP: 8/8
  1036 | D:2      | Learned a level 3 spell: Vhi's Electric Charge
  1383 | D:2      | Reached skill level 3 in Translocations
  1383 | D:2      | Reached skill level 1 in Air Magic
  1500 | D:2      | Noticed Natasha
  1507 | D:2      | Killed Natasha
  1508 | D:2      | Reached skill level 4 in Long Blades
  1508 | D:2      | Gained mutation: Your magical nature lets you fly swiftly
                  | and evasively. [Tengu growth]
  1508 | D:2      | Reached XP level 5. HP: 30/30 MP: 10/10
  1579 | D:2      | Noticed Robin
  1615 | D:2      | Noticed Natasha
  1623 | D:2      | Killed Natasha
  1627 | D:2      | Killed Robin
  1628 | D:2      | Reached skill level 3 in Spellcasting
  1810 | D:2      | Reached skill level 2 in Air Magic
  2487 | D:3      | Found a radiant altar of Vehumet.
  2487 | D:3      | Found a glowing silver altar of Zin.
  2488 | D:3      | Found a sparkling altar of Nemelex Xobeh.
  2496 | D:3      | Became a worshipper of Nemelex Xobeh the Trickster
  2651 | D:4      | Found Idoulum's Distillery.
  2667 | D:4      | Reached XP level 6. HP: 12/35 MP: 11/11
  2761 | D:4      | Found Ziulosm's Weapon Shoppe.
  2762 | D:4      | Bought a potion of curing for 33 gold pieces
  2762 | D:4      | Bought a potion of degeneration for 11 gold pieces
  2762 | D:4      | Bought a potion of attraction for 33 gold pieces
  2782 | D:4      | Killed from afar by an orc wizard

Illustrated notes

Levels and vault maps discovered:
D:1:      moated_graveyard_arrival, layout_basic
D:2:      layout_loops_cross, minmay_quantized, uniq_robin, uniq_natasha
D:3:      layout_basic, gammafunk_temple_overflow_claw,
          kennysheep_generic_room_4
D:4:      layout_cave_pools, serial_shops, shop, shop,
          nicolae_shop_tiny_statue_garden, shop_statue, nicolae_shop_peninsula

Skill      XL: |  1  2  3  4  5 |
---------------+----------------+-----
Long Blades    | 3 4 |  4.8
Translocations | 3 |  3.2
Air Magic      | 1 2 |  2.1
Spellcasting   | 3 |  3.1
Fighting       | |  2.0
Throwing       | |  1.0
Armour         | |  1.1
Dodging        | |  2.1
Invocations    | |  0.2

Action                     |  1- 3 |  4- 6 || total
---------------------------+-------+-------++-------
  Melee: Falchion          |    50 |       ||    50
         Kick              |    16 |    25 ||    41
         Peck              |    16 |    21 ||    37
         Dagger            |    24 |   123 ||   147
         Punch             |       |     2 ||     2
 Armour: Ring mail         |    21 |    30 ||    51
  Dodge: Dodged            |    42 |    46 ||    88

Table legend: (Time is in decaauts)
 A = Elapsed time spent in this place.
 B = Non-inter-level travel time spent in this place.
 C = Inter-level travel time spent in this place.
 D = Time resting spent in this place.
 E = Time spent auto-exploring this place.
 F = Levels seen in this place.
 G = Mean time per level.
                   A        B        C        D        E       F      G
               +--------+--------+--------+--------+--------+-----+--------+
         Total |   2670 |   2577 |     93 |    385 |   1664 |   4 |  667.5 |
       Dungeon |   2670 |   2577 |     93 |    385 |   1664 |   4 |  667.5 |
               +--------+--------+--------+--------+--------+-----+--------+

Top non-repeatable levels by time:
     D:1: 1016 daAuts
     D:2: 849 daAuts
     D:3: 660 daAuts
     D:4: 144 daAuts
